 Dungeon Crawl Stone Soup version 0.31-a0-187-gba352fbbf7 (webtiles) character file.

Game seed: 17559017420925348536

163 qw the Skirmisher (level 5, -2/29 HPs)
             Began as a Deep Elf Hunter on June 22, 2023.
             Slain by a hound zombie (3 damage)
             ... on level 4 of the Dungeon.
             The game lasted 00:01:01 (2453 turns).

qw the Skirmisher (Deep Elf Hunter)                 Turns: 2453, Time: 00:01:02

Health: -2/29      AC:  7    Str: 10    XL:     5   Next: 20%
Magic:  7/7        EV:  9    Int: 14    God:
Gold:   31         SH:  0    Dex: 18    Spells: 4/4 levels left

rFire   . . .        Y - +0 shortbow (freeze)
rCold   + . .        (shield currently unavailable)
rNeg    . . .        k - +0 scale mail {rC+}
rPois   +            (no helmet)
rElec   .            (no cloak)
rCorr   .            c - +0 pair of gloves
SInv    .            (no boots)
Will    +....        (no amulet)
Stlth   +            e - ring of willpower
HPRegen 0.24/turn    g - ring of poison resistance
MPRegen 0.10/turn

%: no passive effects
@: no status effects
A: no striking features
a: no special abilities


You were on level 4 of the Dungeon.
You visited 1 branch of the dungeon, and saw 4 of its levels.

You collected 109 gold pieces.
You spent 78 gold pieces at shops.


   Skills:
 - Level 1.5 Fighting
 + Level 8.6 Ranged Weapons
 - Level 2.4 Dodging
 - Level 1.2 Stealth


You had 4 spell levels left.
You didn't know any spells.
Your spell library was empty.

Inventory:

Hand Weapons
 Y - a +0 shortbow of freezing (weapon)
Armour
 b - a +0 ring mail
 c - a +0 pair of gloves (worn)
 k - a +0 scale mail of cold resistance (worn)
Jewellery
 e - a ring of willpower (left hand)
 g - a ring of poison resistance (right hand)
Scrolls
 d - 3 scrolls of identify
Potions
 i - 2 potions of curing
 j - a potion of mutation

Dungeon Overview and Level Annotations

Branches:
Dungeon (4/15)
 Temple: D:4-7

Altars:

Shops:
D:3 (?[:


Message History

As you read the scroll of teleportation, it crumbles to dust.
You feel strangely unstable. The orc barely misses you.
You shoot an arrow. The arrow hits the orc!
The arrow freezes the orc.
You kill the orc!
You start resting.
Your surroundings suddenly seem different.
An adder skeleton and a hound zombie come into view.
Found a leather armour and a sling.
You shoot an arrow.
The arrow barely misses the adder skeleton.
The arrow barely misses the hound zombie.
The adder skeleton misses you.
You shoot an arrow. The arrow hits the adder skeleton!
The adder skeleton is severely damaged.
The adder skeleton bites you.
You shoot an arrow.
The arrow barely misses the adder skeleton.
The hound zombie bites you but does no damage.
The adder skeleton bites you but does no damage.
The hound zombie bites you but does no damage.
The adder skeleton bites you but does no damage.
You shoot an arrow. The arrow hits the adder skeleton.
The adder skeleton is severely damaged.
The hound zombie bites you but does no damage.
The adder skeleton bites you but does no damage.
The hound zombie barely misses you.
You shoot an arrow.
The arrow hits the adder skeleton but does no damage.
The adder skeleton is severely damaged.
The adder skeleton bites you. The hound zombie closely misses you.
The adder skeleton closely misses you. The hound zombie closely misses you.
You shoot an arrow.
The arrow barely misses the adder skeleton.
The hound zombie barely misses you. The adder skeleton bites you.
You shoot an arrow.
The arrow barely misses the adder skeleton.
The hound zombie bites you but does no damage.
The adder skeleton closely misses you. The hound zombie bites you.
You die...

......
.....
#...#
##...##
#.....+
.....#
#...#
#@[.#
#.ZZ......
#.........
+......8..
####......
...)..
..#### ..#


You could see a hound zombie and an adder skeleton.

Vanquished Creatures
  A sleepcap (D:3)
  An adder (D:2)
  2 gnolls (D:4)
  3 worms
  6 dart slugs
  8 orcs
  15 ball pythons
  4 endoplasms
  4 giant cockroaches
  5 goblins
  6 hobgoblins
  3 jackals (D:3)
  3 quokkas
  5 bats
  5 frilled lizards
  4 kobolds
  7 rats
82 creatures vanquished.

Notes
Turn   | Place    | Note
-------+----------+-------------------------------------------
     0 | D:1      | qw the Deep Elf Hunter began the quest for the Orb.
     0 | D:1      | Reached XP level 1. HP: 12/12 MP: 3/3
     0 | D:1      | 0 ||| qw: Version: 0.3-a-9-g12657ce
     0 | D:1      | 0 ||| qw: Game counter: 2475
     0 | D:1      | 0 ||| qw: Always use a shield: true
     0 | D:1      | 0 ||| qw: God list: Okawaru
     0 | D:1      | 0 ||| qw: Allow faded altars: false
     0 | D:1      | 0 ||| qw: Do Orc after D:15 true
     0 | D:1      | 0 ||| qw: Do second Lair branch before Depths: true
     0 | D:1      | 0 ||| qw: Lair rune preference: random
     0 | D:1      | 0 ||| qw: Plans: Normal
     0 | D:1      | 0 ||| PLANNING D:1-11
   163 | D:1      | 163 ||| Stepping ~*~*~tactically~*~*~ (outnumbered).
   165 | D:1      | 165 ||| Stepping ~*~*~tactically~*~*~ (outnumbered).
   170 | D:1      | Reached XP level 2. HP: 10/16 MP: 4/4
   173 | D:1      | Reached skill level 6 in Ranged Weapons
   221 | D:1      | Found a faded altar of an unknown god.
   508 | D:1      | Reached XP level 3. HP: 20/20 MP: 5/5
   879 | D:1      | 879 ||| UPGRADING to +0 scale mail of cold resistance.
   889 | D:1      | 889 ||| DROPPING +0 leather armour.
   890 | D:1      | 890 ||| READING 2 scrolls labelled LALIRO BUBBIAN.
   895 | D:1      | 895 ||| READING scroll labelled USUAJUIXZU.
   896 | D:1      | 896 ||| READING scroll labelled XIXEANLA FUEF.
   897 | D:1      | 897 ||| READING scroll labelled DUH OWORICAQIC.
   898 | D:1      | 898 ||| DROPPING scroll of butterflies.
   963 | D:2      | Reached skill level 7 in Ranged Weapons
  1081 | D:2      | 1081 ||| Stepping ~*~*~tactically~*~*~ (outnumbered).
  1290 | D:2      | Reached XP level 4. HP: 25/25 MP: 6/6
  1429 | D:2      | 1429 ||| READING scroll labelled FATTOE ZOGEARA.
  1430 | D:2      | 1430 ||| READING 3 scrolls labelled TIMINIPNYG.
  1431 | D:2      | 1431 ||| READING scroll labelled ETOREU UCAQYM.
  1432 | D:2      | 1432 ||| DRINKING 3 glowing yellow potions.
  1433 | D:2      | 1433 ||| READING 2 scrolls of identify.
  1433 | D:2      | 1433 ||| IDENTIFYING red potion
  1434 | D:2      | 1434 ||| DROPPING potion of ambrosia.
  1465 | D:3      | 1465 ||| FLEEEEING.
  1466 | D:3      | 1466 ||| FLEEEEING.
  1467 | D:3      | 1467 ||| FLEEEEING.
  1529 | D:3      | Found Cezi's Antique Armour Boutique.
  1573 | D:3      | 1573 ||| SHOPLISTING pair of boots (112 gold, have 82).
  1573 | D:3      | 1573 ||| SHOPLISTING runed scale mail (175 gold, have 82).
  1624 | D:3      | Found Qicuucah's Book Shop.
  1720 | D:3      | Found Rokh's Magic Scroll Shop.
  1746 | D:3      | 1746 ||| BUYING scroll of identify (26 gold).
  1746 | D:3      | Bought a scroll of identify for 26 gold pieces
  1746 | D:3      | 1746 ||| BUYING scroll of identify (26 gold).
  1746 | D:3      | Bought a scroll of identify for 26 gold pieces
  1746 | D:3      | 1746 ||| BUYING scroll of identify (26 gold).
  1746 | D:3      | Bought a scroll of identify for 26 gold pieces
  1746 | D:3      | 1746 ||| SHOPLISTING scroll of identify (26 gold, have 15).
  1746 | D:3      | 1746 ||| SHOPLISTING scroll of teleportation (39 gold, have
                  | 15).
  1769 | D:3      | Reached skill level 8 in Ranged Weapons
  1934 | D:3      | 1934 ||| STAIRDANCE
  1969 | D:2      | 1969 ||| UPGRADING to +0 pair of gloves.
  1974 | D:2      | 1974 ||| UPGRADING to ring of willpower.
  1975 | D:2      | 1975 ||| UPGRADING to ring of poison resistance.
  1976 | D:2      | 1976 ||| READING 5 scrolls of identify.
  1976 | D:2      | 1976 ||| IDENTIFYING black potion
  1977 | D:2      | 1977 ||| READING 4 scrolls of identify.
  1977 | D:2      | 1977 ||| IDENTIFYING murky dark potion
  1978 | D:2      | 1978 ||| DROPPING potion of brilliance.
  2116 | D:3      | Found Xurel's Weapon Boutique.
  2168 | D:3      | Reached XP level 5. HP: 29/29 MP: 7/7
  2430 | D:4      | 2430 ||| Stepping ~*~*~tactically~*~*~ (outnumbered).
  2436 | D:4      | 2436 ||| Stepping ~*~*~tactically~*~*~ (outnumbered).
  2443 | D:4      | HP: 4/29 [orc/+0 morningstar (9)]
  2444 | D:4      | 2444 ||| READING scroll of teleportation.
  2448 | D:4      | HP: 3/29 [adder skeleton (3)]
  2452 | D:4      | HP: 1/29 [adder skeleton (1)]
  2453 | D:4      | Slain by a hound zombie

Levels and vault maps discovered:
D:1:      dpeg_arrival_shelter, layout_basic, nicolae_ecumenical_snake_handling,
          minmay_misc_feat_x, grunt_decor_clamped, supply_closet_lemuel
D:2:      layout_basic, minmay_misc_feat_pillars
D:3:      layout_basic, serial_shops, nicolae_shop_real_fake_doors,
          nicolae_shop_pleasant_corner_grove, nicolae_shop_waterfront, shop
D:4:      layout_gridville, old_standard_altar, serial_undead, serial_undead_f,
          serial_undead_d, serial_undead_c, serial_undead_e, serial_undead_a,
          serial_undead_a, serial_undead_b, st_stairs_13, serial_bayou_pond_d,
          nicolae_eternal_life, corexii_shack, dk_noncrumbling_4,
          minmay_ruined_shrine

Skill      XL: |  1  2  3  4 |
---------------+-------------+-----
Ranged Weapons | 6 7 8 |  8.6
Fighting       | |  1.5
Dodging        | |  2.4
Stealth        | |  1.2

Action                     |  1- 3 |  4- 6 || total
---------------------------+-------+-------++-------
   Fire: Shortbow          |   119 |   100 ||   219
    Use: Scroll            |     4 |     7 ||    11
         Potion            |       |     1 ||     1
 Armour: Leather armour    |    11 |       ||    11
         Scale mail        |     5 |    28 ||    33
  Dodge: Dodged            |    29 |    30 ||    59

Table legend:
 A = Non-vault XP
 B = Vault XP
 C = Vault XP percentage of total XP
 D = Non-vault monster count
 E = Vault monster count
 F = Vault count percentage of total count
                 A         B        C        D         E       F
            +---------+---------+-------+---------+---------+-------
      Total |     231 |       3 |   1.3 |      79 |       3 |   3.7
            +---------+---------+-------+---------+---------+-------
        D:1 |      46 |       3 |   6.1 |      26 |       3 |  10.3
        D:2 |      57 |       0 |   0.0 |      22 |       0 |   0.0
        D:3 |      90 |       0 |   0.0 |      25 |       0 |   0.0
        D:4 |      38 |       0 |   0.0 |       6 |       0 |   0.0
            +---------+---------+-------+---------+---------+-------
